 Dungeon Crawl Stone Soup version 0.30-a0-457-g4b7bca3bfa (webtiles) character file.

Game seed: 14749015731002564250

3390 billz999 the Skirmisher (level 10, -1/77 HPs)
             Began as a Gnoll Hunter on Dec 14, 2022.
             Was an Initiate of Gozag.
             Slain by Joseph
             ... wielding a +0 quarterstaff
              (8 damage)
             ... on level 7 of the Dungeon.
             The game lasted 00:11:28 (6787 turns).

billz999 the Skirmisher (Gnoll Hunter)              Turns: 6787, Time: 00:11:29

Health: -1/77      AC:  7    Str: 16    XL:     10   Next: 4%
Magic:  17/17      EV: 18    Int:  8    God:    Gozag
Gold:   423        SH:  0    Dex: 27    Spells: 13/19 levels left

rFire   . . .      SeeInvis .    a - +1 shortbow
rCold   . . .      Faith    .    (shield currently unavailable)
rNeg    . . .      Spirit   .    c - +0 leather armour
rPois   .          Reflect  .    x - +0 helmet
rElec   .          Harm     .    C - +0 cloak
rCorr   .          Rampage  .    z - +0 pair of gloves
Will    .....                    (no boots)
Stlth   ++++......               (no amulet)
HPRegen 0.00/turn                p - +6 ring of strength
MPRegen 0.15/turn                t - +6 ring of dexterity

@: mighty, inhibited regen
A: fangs 1, strong nose, distributed training, inhibited regeneration
a: Renounce Religion, Potion Petition, Call Merchant, Bribe Branch


You were on level 7 of the Dungeon.
You worshipped Gozag.
Gozag was aware of your devotion.
You visited 1 branch of the dungeon, and saw 7 of its levels.
You also visited: Sewer and Ossuary.

You collected 1034 gold pieces.
You spent 504 gold pieces at shops.
You paid 107 gold pieces to Gozag.

Inventory:

Hand Weapons
 a - a +1 shortbow (weapon)
Armour
 c - a +0 leather armour (worn)
 h - a +0 cloak
 x - a +0 helmet (worn)
 z - a +0 pair of gloves (worn)
 C - a +0 cloak (worn)
Jewellery
 e - a +6 ring of intelligence
 p - a +6 ring of strength (left hand)
 t - a +6 ring of dexterity (right hand)
 v - a +4 ring of evasion
 B - a +4 ring of protection
 I - a ring of resist corrosion
 N - an amulet of guardian spirit
Scrolls
 b - 4 scrolls of immolation
 d - a scroll of amnesia
 f - 2 scrolls of poison
 j - 2 scrolls of fear
 l - a scroll of enchant armour
 o - 3 scrolls of vulnerability
 q - a scroll of magic mapping
 r - a scroll of brand weapon
 w - 7 scrolls of teleportation
 y - a scroll of blinking {unknown}
 D - 2 scrolls of fog {unknown}
 J - 2 scrolls of identify
 L - a scroll of acquirement {unknown}
 M - a scroll of butterflies {unknown}
Potions
 g - 3 potions of curing
 i - 2 potions of might
 k - 2 potions of haste {unknown}
 m - 3 potions of mutation
 n - 2 potions of brilliance {unknown}
 s - 2 potions of attraction {unknown}
 u - 4 potions of heal wounds {unknown}
 A - 3 potions of magic {unknown}
 E - a potion of lignification {unknown}
 F - 4 potions of flight {unknown}
 G - 2 potions of berserk rage {unknown}
 H - a potion of cancellation {unknown}
 K - a potion of resistance {unknown}


   Skills:
 + Level 6.9 Fighting
 + Level 5.0 Short Blades
 + Level 5.0 Long Blades
 + Level 5.0 Axes
 + Level 5.0 Maces & Flails
 + Level 5.0 Polearms
 + Level 5.0 Staves
 + Level 10.0 Ranged Weapons
 + Level 5.0 Throwing
 + Level 5.0 Armour
 + Level 6.9 Dodging
 + Level 5.6 Stealth
 + Level 5.0 Shields
 + Level 5.0 Unarmed Combat
 + Level 5.0 Spellcasting
 + Level 4.1 Conjurations
 + Level 4.1 Hexes
 + Level 4.1 Summonings
 + Level 4.1 Necromancy
 + Level 4.1 Translocations
 + Level 4.1 Transmutations
 + Level 4.1 Fire Magic
 + Level 4.1 Ice Magic
 + Level 4.1 Air Magic
 + Level 4.1 Earth Magic
 + Level 4.1 Poison Magic
 + Level 5.5 Invocations
 + Level 5.0 Evocations


You had 13 spell levels left.
You knew the following spells:

 Your Spells              Type           Power      Damage    Failure   Level
a - Necrotise             Necr           32%        1d5       5%          1
b - Mephitic Cloud        Conj/Pois/Air  8%         N/A       17%         3
c - Poisonous Vapours     Pois/Air       16%        N/A       9%          2

Your spell library contained the following spells:

 Spells                   Type           Power      Damage    Failure   Level
 Kiss of Death            Conj/Necr      32%        2d7       5%          1
 Slow                     Hex            32%        N/A       5%          1
 Cigotuvi's Dreadful Rot  Necr/Pois/Air  16%        N/A       9%          2
 Confusing Touch          Hex            8%         N/A       17%         3
 Vampiric Draining        Necr           8%         2d6       17%         3
 Dispel Undead            Necr           8%         3d8       50%         4
 Agony                    Necr           8%         N/A       83%         5


Dungeon Overview and Level Annotations

Branches:
Dungeon (7/15)             Temple (0/1) D:5           Sewer (visited)
Ossuary (visited)

Altars:
Gozag
Ru

Shops:
D:5 *   D:6 =

Annotations:
D:7 Joseph


Innate Abilities, Weirdness & Mutations

You have very sharp teeth.
Your uncanny sense of smell can sniff out nearby items.
Your experience applies equally to all skills.
You do not regenerate when monsters are visible.


Message History

Aim: Joseph, wielding a +0 quarterstaff and wearing a +0 scale mail (lightly wounded, 75% to hit)
You shoot an arrow. The arrow hits Joseph.
Joseph is moderately wounded.
Joseph barely misses you.
You aren't carrying any items that you can evoke.
Unknown command.
Fire: a) +1 shortbow
Press: ? - help, Shift-Dir - straight line, f/p - Joseph
Aim: Joseph, wielding a +0 quarterstaff and wearing a +0 scale mail (moderately wounded, 75% to hit)
You shoot an arrow.
The arrow hits Joseph but does no damage.
Joseph is moderately wounded.
Joseph completely misses you.
Fire: a) +1 shortbow
Press: ? - help, Shift-Dir - straight line, f/p - Joseph
Aim: Joseph, wielding a +0 quarterstaff and wearing a +0 scale mail (moderately wounded, 75% to hit)
You shoot an arrow. The arrow hits Joseph!
Joseph is heavily wounded.
Joseph hits you with a +0 quarterstaff!!
* * * LOW HITPOINT WARNING * * *
Unknown command.
Fire: a) +1 shortbow
Press: ? - help, Shift-Dir - straight line, f/p - Joseph
Aim: Joseph, wielding a +0 quarterstaff and wearing a +0 scale mail (heavily wounded, 75% to hit)
You shoot an arrow. The arrow barely misses Joseph.
Joseph hits you with a +0 quarterstaff.
* * * LOW HITPOINT WARNING * * *
Unknown command.
Okay, then.
You feel very mighty all of a sudden. Joseph hits you with a +0 quarterstaff!
* * * LOW HITPOINT WARNING * * *
Fire: a) +1 shortbow
Press: ? - help, Shift-Dir - straight line, f/p - Joseph
Aim: Joseph, wielding a +0 quarterstaff and wearing a +0 scale mail (heavily wounded, 75% to hit)
You shoot an arrow. The arrow hits Joseph.
Joseph is heavily wounded.
Joseph hits you with a +0 quarterstaff!
You die...
Your body crumbles into a pile of gold.

##### #... ######.###
##......$.# #
#...###.#.#"##...
###........@@......
######.......#.###......
#.$..........#.# .....
#.###........#.# ....
..# #.##.....#.. ...
#.###.##.....### ..
#.....###.#..# #
...............
###........####


You could see Joseph.

Vanquished Creatures
  Maggie (D:6)
  Prince Ribbit (D:6)
  A wraith (D:7)
  A water moccasin (D:7)
  Pargi (Sewer)
  An ice beast (D:7)
  A black bear (D:6)
  2 sky beasts (D:7)
  2 ogres
  2 centaurs (D:7)
  5 phantoms
  A bullfrog (D:7)
  4 necrophages
  A wyvern skeleton (D:5)
  4 killer bees (D:7)
  A howler monkey (D:6)
  2 bullfrog zombies (D:5)
  A centaur zombie (D:5)
  A bullfrog skeleton (D:5)
  3 jellies
  7 hounds
  A centaur skeleton (D:5)
  3 iguanas
  A gnoll bouda (D:6)
  A scorpion zombie (D:5)
  2 orc wizards (D:7)
  8 mummies (Ossuary)
  5 gnolls (D:6)
  9 adders
  A shadow imp (D:7)
  2 white imps
  An adder skeleton (D:5)
  12 orcs
  3 bats
  5 endoplasms
  4 giant cockroaches
  6 goblins
  5 hobgoblins
  A jackal (D:2)
  3 quokkas
  7 ball pythons
  4 frilled lizards
  2 gnoll zombies (Ossuary)
  2 hobgoblin zombies (Ossuary)
  2 kobolds (D:1)
  2 kobold zombies (Ossuary)
  2 orc zombies (Ossuary)
  8 rats
145 creatures vanquished.

Vanquished Creatures (others)
  3 plants (D:2)
  7 withered plants (D:5)
10 creatures vanquished.

Grand Total: 155 creatures vanquished

Notes
Turn   | Place    | Note
-------+----------+-------------------------------------------
     0 | D:1      | billz999 the Gnoll Hunter began the quest for the Orb.
     0 | D:1      | Reached XP level 1. HP: 20/20 MP: 1/1
    71 | D:1      | Reached XP level 2. HP: 26/26 MP: 2/2
  1077 | D:2      | Reached XP level 3. HP: 31/31 MP: 2/4
  1233 | D:2      | Reached skill level 1 in Invocations
  1247 | D:2      | Reached skill level 1 in Short Blades
  1247 | D:2      | Reached skill level 1 in Long Blades
  1247 | D:2      | Reached skill level 1 in Axes
  1247 | D:2      | Reached skill level 1 in Maces & Flails
  1247 | D:2      | Reached skill level 1 in Polearms
  1247 | D:2      | Reached skill level 1 in Staves
  1247 | D:2      | Reached skill level 1 in Throwing
  1247 | D:2      | Reached skill level 1 in Armour
  1247 | D:2      | Reached skill level 1 in Shields
  1247 | D:2      | Reached skill level 1 in Unarmed Combat
  1247 | D:2      | Reached skill level 1 in Spellcasting
  1247 | D:2      | Reached skill level 1 in Evocations
  2293 | D:3      | Reached XP level 4. HP: 38/38 MP: 5/5
  2766 | D:4      | Reached skill level 1 in Conjurations
  2766 | D:4      | Reached skill level 1 in Hexes
  2766 | D:4      | Reached skill level 1 in Summonings
  2766 | D:4      | Reached skill level 1 in Necromancy
  2766 | D:4      | Reached skill level 1 in Translocations
  2766 | D:4      | Reached skill level 1 in Transmutations
  2766 | D:4      | Reached skill level 1 in Fire Magic
  2766 | D:4      | Reached skill level 1 in Ice Magic
  2766 | D:4      | Reached skill level 1 in Air Magic
  2766 | D:4      | Reached skill level 1 in Earth Magic
  2766 | D:4      | Reached skill level 1 in Poison Magic
  3044 | D:4      | Noticed an ogre
  3065 | D:5      | Entered Level 5 of the Dungeon
  3065 | D:5      | Noticed a phantom
  3074 | D:5      | Reached XP level 5. HP: 26/43 MP: 5/7
  3083 | D:5      | Killed a phantom
  3084 | D:5      | Reached XP level 6. HP: 20/50 MP: 6/8
  3091 | D:5      | Reached skill level 5 in Fighting
  3091 | D:5      | Reached skill level 5 in Dodging
  3370 | D:5      | Found an opulent altar of Gozag.
  3377 | D:5      | Became a worshipper of Gozag Ym Sagoz the Greedy
  3489 | D:5      | Found Gumouk's General Store.
  3755 | D:5      | Found a glowing drain.
  3772 | Sewer    | Entered a sewer
  3807 | Sewer    | Noticed Pargi
  3814 | Sewer    | Killed Pargi
  3815 | Sewer    | Reached XP level 7. HP: 51/56 MP: 10/10
  4062 | D:5      | Reached skill level 9 in Ranged Weapons
  4279 | D:5      | Reached XP level 8. HP: 57/63 MP: 12/12
  4306 | D:5      | Found a sacrificial altar of Ru.
  4559 | D:5      | Found a staircase to the Ecumenical Temple.
  4630 | D:6      | Noticed Maggie
  4662 | D:6      | Killed Maggie
  4846 | D:6      | Found Cipim's Jewellery Shop.
  4866 | D:6      | Learned a level 1 spell: Necrotise
  4870 | D:6      | Learned a level 3 spell: Mephitic Cloud
  4892 | D:6      | Found a sand-covered staircase.
  4923 | Ossuary  | Entered an ossuary
  4958 | Ossuary  | Reached XP level 9. HP: 69/69 MP: 14/14
  5489 | D:6      | Noticed Prince Ribbit
  5512 | D:6      | Killed Prince Ribbit
  5553 | D:6      | Reached skill level 5 in Stealth
  5807 | D:7      | Gained mutation: You do not regenerate when monsters are
                  | visible. [potion of mutation]
  6037 | D:7      | Learned a level 2 spell: Poisonous Vapours
  6122 | D:6      | Bought a +6 ring of dexterity for 504 gold pieces
  6203 | D:7      | Reached skill level 5 in Invocations
  6752 | D:7      | Reached skill level 5 in Short Blades
  6752 | D:7      | Reached skill level 5 in Long Blades
  6752 | D:7      | Reached skill level 5 in Axes
  6752 | D:7      | Reached skill level 5 in Maces & Flails
  6752 | D:7      | Reached skill level 5 in Polearms
  6752 | D:7      | Reached skill level 5 in Staves
  6752 | D:7      | Reached skill level 5 in Throwing
  6752 | D:7      | Reached skill level 5 in Armour
  6752 | D:7      | Reached skill level 5 in Shields
  6752 | D:7      | Reached skill level 5 in Unarmed Combat
  6752 | D:7      | Reached skill level 5 in Spellcasting
  6752 | D:7      | Reached skill level 5 in Evocations
  6768 | D:7      | Noticed Joseph
  6775 | D:7      | Reached skill level 10 in Ranged Weapons
  6775 | D:7      | Reached XP level 10. HP: 66/77 MP: 17/17
  6787 | D:7      | Slain by Joseph

Illustrated notes

Levels and vault maps discovered:
D:1:      dpeg_arrival_morbid_curiosity, layout_basic, minmay_tetromino_l4
D:2:      layout_basic, serial_forest, infiniplex_forest_straight_3,
          infiniplex_forest_straight_2, infiniplex_forest_clump_small,
          infiniplex_forest_zigzag_2, infiniplex_forest_clump_tiny,
          infiniplex_forest_clump_large, minmay_fractal_squares_5
D:3:      layout_basic, chequers_decorated_corner
D:4:      minmay_goblin_kobold_castle, layout_basic, nzn_wu_jian_council_hall
D:5:      layout_loops_ring, nicolae_ru_sacrificial_ziggurat,
          mainiacjoe_overflow_24_doors, minmay_temple_entry_fiery,
          serial_undead, serial_undead_a, serial_undead_b, serial_undead_b,
          serial_undead_d, serial_undead_e, serial_undead_c, serial_undead_c,
          cheibrodos_sewer_entry_drain, serial_shops, shop
D:6:      layout_basic, nicolae_ossuary_entry_false_entrances,
          nicolae_stop_n_shop_2, uniq_prince_ribbit1, uniq_maggie
D:7:      layout_loops_ring, gammafunk_temple_overflow_claw, minmay_bent,
          uniq_joseph, uniq_crazy_yiuf_cottage

Skill      XL: |  1  2  3  4  5  6  7  8  9 |
---------------+----------------------------+-----
Invocations    | 1 2 3 4 5 |  5.5
Short Blades   | 1 2 3 5 |  5.0
Long Blades    | 1 2 3 5 |  5.0
Axes           | 1 2 3 5 |  5.0
Maces & Flails | 1 2 3 5 |  5.0
Polearms       | 1 2 3 5 |  5.0
Staves         | 1 2 3 5 |  5.0
Throwing       | 1 2 3 5 |  5.0
Armour         | 1 2 3 5 |  5.0
Shields        | 1 2 3 5 |  5.0
Unarmed Combat | 1 2 3 5 |  5.0
Spellcasting   | 1 2 3 5 |  5.0
Evocations     | 1 2 3 5 |  5.0
Conjurations   | 1 2 3 4 |  4.1
Hexes          | 1 2 3 4 |  4.1
Summonings     | 1 2 3 4 |  4.1
Necromancy     | 1 2 3 4 |  4.1
Translocations | 1 2 3 4 |  4.1
Transmutations | 1 2 3 4 |  4.1
Fire Magic     | 1 2 3 4 |  4.1
Ice Magic      | 1 2 3 4 |  4.1
Air Magic      | 1 2 3 4 |  4.1
Earth Magic    | 1 2 3 4 |  4.1
Poison Magic   | 1 2 3 4 |  4.1
Stealth        | 3 4 5 |  5.6
Fighting       | 5 6 |  6.9
Dodging        | 5 6 |  6.9
Ranged Weapons | 9 10 | 10.0

Action                   |  1- 3 |  4- 6 |  7- 9 | 10-12 || total
-------------------------+-------+-------+-------+-------++-------
 Fire: Shortbow          |    83 |   121 |   395 |     9 ||   608
Evoke: Wand              |       |       |     6 |       ||     6
  Use: Scroll            |       |       |    11 |       ||    11
       Potion            |       |       |     3 |     1 ||     4
Armor: Leather armour    |     9 |    27 |    48 |       ||    84
Dodge: Dodged            |    14 |    49 |   150 |     6 ||   219

Table legend: (Time is in decaauts)
 A = Elapsed time spent in this place.
 B = Non-inter-level travel time spent in this place.
 C = Inter-level travel time spent in this place.
 D = Time resting spent in this place.
 E = Time spent auto-exploring this place.
 F = Levels seen in this place.
 G = Mean time per level.
                   A        B        C        D        E       F      G
               +--------+--------+--------+--------+--------+-----+--------+
         Total |   6879 |   6641 |    238 |    422 |   5137 |   9 |  764.3 |
       Dungeon |   6331 |   6093 |    238 |    422 |   4739 |   7 |  904.4 |
         Sewer |    221 |    221 |      0 |      0 |    180 |   1 |  221.0 |
       Ossuary |    326 |    326 |      0 |      0 |    217 |   1 |  326.0 |
               +--------+--------+--------+--------+--------+-----+--------+

Top non-repeatable levels by time:
     D:5: 1378 daAuts
     D:6: 1241 daAuts
     D:2: 966 daAuts
     D:1: 928 daAuts
     D:3: 878 daAuts
     D:7: 631 daAuts
 Ossuary: 326 daAuts
     D:4: 307 daAuts
   Sewer: 221 daAuts
